Map: Dusk Towers

Players

GoldieSarlek - Winner!

  • Race: Protoss Protoss
  • League: Platinum

LilDicky

  • Race: Terran Terran
  • League: Diamond

VOD

http://www.twitch.tv/tumescentpie

Description

Time

  • Played on: Nov. 30, 2015, 12:19 p.m.
  • Length: 13:44
Show
View Real Time Build Order
Export as new Build Order

GoldieSarlek Protoss - Winner!

Build Orders: Nexus First 

Get SALT Encoding   

  12  0:01  Probe (Chrono Boost)  
  13  0:12  Probe (Chrono Boost)  
  14  0:21  Pylon  
  14  0:24  Probe (Chrono Boost)  
  15  0:40  Probe (Chrono Boost)  
  16  0:50  Probe (Chrono Boost)  
  17  1:01  Probe (Chrono Boost)  
  18  1:05  Nexus  
  18  1:19  Probe (Chrono Boost)  
  18  1:23  Gateway  
  19  1:26  Assimilator  
  19  1:30  Probe (Chrono Boost)  
  20  1:41  Gateway  
  20  1:42  Probe (Chrono Boost)  
  21  1:48  Pylon  
  21  1:53  Probe (Chrono Boost)  
  22  1:59  Assimilator  
  21  2:03  Probe (Chrono Boost)  
  22  2:12  Cybernetics Core  
  22  2:18  Probe x2 (Chrono Boost)  
  24  2:33  Probe (Chrono Boost)  
  24  2:34  Probe (Chrono Boost)  
  26  2:42  Zealot x2  
  30  2:47  Mothership Core (Chrono Boost)  
  30  2:49  Warp Gate (Chrono Boost)  
  32  3:01  Probe  
  26  3:22  Adept x2, Robotics Facility  
  26  3:23  Pylon  
  30  3:51  Assimilator  
  30  3:55  Assimilator  
  30  4:00  Probe  
  30  4:02  Probe  
  32  4:14  Observer (Chrono Boost)  
  33  4:17  Probe x2  
  35  4:29  Gateway, Probe x2  
  37  4:32  Pylon  
  38  4:39  Observer (Chrono Boost)  
  38  4:41  Adept  
  38  4:42  Adept  
  38  4:55  Probe x2  
  38  4:59  Immortal (Chrono Boost)  
  44  5:07  Probe x2  
  46  5:25  Probe x2  
  48  5:30  Stalker x2  
  48  5:32  Stalker  
  54  5:40  Probe x2  
  59  6:08  Pylon  
  59  6:11  Pylon  
  59  6:14  Pylon  
  59  6:28  Pylon  
  59  6:31  Pylon  
  59  6:47  Pylon  
  59  6:50  Immortal (Chrono Boost), Pylon  
  59  6:52  Pylon  
  59  6:56  Gateway  
  59  6:59  Probe  
  54  7:01  Pylon  
  54  7:02  Probe  
  53  7:11  Stalker x2  
  53  7:13  Stalker  
  53  7:14  Probe  
  60  7:25  Immortal (Chrono Boost)  
  60  7:26  Probe x2  
  66  7:35  Adept  
  66  7:36  Adept  
  68  7:51  Stalker  
  70  7:55  Stalker  
  70  7:56  Stalker x2  
  76  8:05  Twilight Council  
  75  8:06  Pylon  
  75  8:09  Pylon  
  75  8:11  Gateway  
  65  8:44  Stalker x3  
  65  8:45  Stalker  
  70  8:56  Probe x2  
  70  8:57  Pylon  
  70  9:00  Pylon  
  70  9:01  Pylon  
  70  9:02  Blink (Chrono Boost)  
  72  9:05  Observer  
  72  9:08  Probe x2  
  75  9:11  Stalker  
  75  9:12  Stalker x2  
  75  9:13  Zealot  
  75  9:14  Zealot  
  85  9:23  Probe x2  
  87  9:30  Immortal  
  87  9:35  Probe x2  
  93  9:47  Probe  
  93  9:48  Probe  
  62  10:26  Stalker x5  
  59  11:02  Stalker  
  59  11:03  Stalker x2  
  63  11:16  Probe x2  
  65  11:28  Probe x2  
  67  11:40  Probe x2  
  69  11:58  Probe x2  
  71  12:05  Stalker  
  73  12:14  Nexus  
  73  12:17  Pylon  
  73  12:18  Pylon  
  73  12:21  Pylon  
  73  12:33  Stalker  
  73  12:34  Zealot  
  73  12:35  Zealot x3  
  83  13:03  Stalker  
  83  13:04  Zealot x4  
Show
View Real Time Build Order
Export as new Build Order

LilDicky Terran 

Build Orders: MMM Bio 

Get SALT Encoding   

  12  0:01  SCV  
  13  0:13  SCV  
  14  0:18  Supply Depot  
  14  0:29  Refinery  
  14  0:30  SCV  
  15  0:43  Barracks  
  15  0:49  SCV  
  16  1:09  SCV  
  17  1:21  SCV  
  18  1:33  Supply Depot  
  18  1:34  Marine  
  18  1:37  Orbital Command  
  18  1:39  Factory  
  19  1:53  Marine  
  20  2:06  Barracks  
  20  2:07  SCV  
  21  2:11  Barracks  
  21  2:22  Barracks Reactor  
  21  2:24  Refinery  
  21  2:30  SCV  
  21  2:35  Widow Mine  
  24  2:42  SCV  
  25  2:54  SCV  
  25  2:56  Barracks Tech Lab  
  25  2:58  Barracks Tech Lab  
  26  3:06  SCV, Supply Depot  
  29  3:25  Combat Shields, Marine x2  
  29  3:26  Stimpack  
  31  3:28  Marine x2  
  31  3:30  Supply Depot  
  28  3:56  Marauder, Marine x2  
  28  3:57  Marauder  
  28  4:02  Starport  
  34  4:06  SCV  
  34  4:08  Widow Mine  
  37  4:18  SCV, Marauder  
  37  4:22  Supply Depot  
  40  4:25  Marine  
  40  4:30  Marine  
  42  4:33  Marauder  
  44  4:41  Medivac  
  44  4:44  Supply Depot  
  46  5:14  Marine  
  46  5:15  Marauder x2  
  49  5:33  Medivac  
  49  5:34  Marine x2  
  53  5:36  Marauder x2  
  57  5:51  Marine  
  43  6:04  Marine  
  43  6:05  Marine x2  
  43  6:09  Marine  
  49  6:22  Marine  
  49  6:23  Marauder x2  
  50  6:33  Marine  
  51  6:45  Marauder x2  
  55  6:48  Marine  
  55  6:49  SCV  
  50  7:06  Marauder x2  
  51  7:09  Marine  
  51  7:15  Medivac  
  54  7:16  Marine  
  54  7:20  Command Center  
  55  7:27  Marauder, Marine  
  55  7:28  Marauder  
  55  7:29  Supply Depot  
  60  7:34  Liberator, Marine  
  57  7:45  Marine  
  57  7:48  Marine  
  57  7:49  Marauder  
  61  7:51  Marine  
  65  8:02  Marine  
  66  8:07  Marauder  
  66  8:09  Marine  
  66  8:32  Marine  
  66  8:33  Marine x2  
  66  8:34  Marauder  
  65  8:50  Marine  
  65  8:51  Marauder  
  65  8:55  Marauder  
  67  8:58  Orbital Command  
  67  8:59  Marine  
  68  9:04  Ghost Academy  
  68  9:05  Barracks, Starport Reactor  
  68  9:07  Barracks  
  68  9:17  SCV  
  68  9:18  Marine  
  68  9:19  Marine  
  71  9:31  Marine x2  
  73  9:36  Marine  
  74  9:43  Marine  
  75  9:49  Marauder, Marine  
  74  9:54  Marine  
  56  10:01  Marine  
  8  11:05  Orbital Command  
  8  11:07  Starport Tech Lab  
  2  11:32  Barracks Tech Lab  
    11:44  Marine x2  
    11:45  Banshee, Cloaking Field  
  5  11:47  SCV  
  5  11:52  Marine x2  
  8  11:59  SCV  
  9  12:02  Supply Depot, Marine x2  
  11  12:10  Marine x2  
  11  12:11  SCV  
  14  12:19  Marine  
  14  12:21  Marine  
  16  12:23  SCV  
  16  12:28  Concussive Shells, Marine  
  18  12:36  Banshee, SCV  
  22  12:40  Orbital Command  
  22  12:46  Marine x2  
  22  12:48  Marine  
  22  12:51  SCV  
  26  12:55  Marine  
  27  13:04  Marine  
  28  13:06  SCV  
  28  13:08  SCV  
  30  13:13  Marine  
  30  13:14  Marine  
  30  13:18  SCV  
Tags
 
Add a new tag
Caveats
  • Supply blocks, unpowered buildings, or Contaminate may cause inaccurate times.
  • Supply counts are checked every 10 seconds.